 Dungeon Crawl Stone Soup version 0.29.0-4-gdea44cf6ec (webtiles) character file.

Game seed: 3534228757235458835

3558 qw the Cleaver (level 10, -5/61 HPs)
             Began as a Gargoyle Fighter on Sept 6, 2022.
             Slain by a death yak (17 damage)
             ... on level 8 of the Dungeon.
             The game lasted 00:04:22 (9450 turns).

qw the Cleaver (Gargoyle Fighter)                   Turns: 9450, Time: 00:04:22

Health: -5/61      AC: 26    Str: 23    XL:     10   Next: 9%
Magic:  10/10      EV:  7    Int: 10    God:
Gold:   212        SH: 14    Dex:  9    Spells: 9/9 levels left

rFire   . . .      SeeInvis .   Y - +1 war axe
rCold   + . .      Faith    .   h - +0 kite shield
rNeg    + . .      Spirit   .   a - +0 storm dragon scales
rPois   inf        Reflect  +   t - +1 helmet
rElec   +          Harm     .   (no cloak)
rCorr   .          Rampage  .   (no gloves)
Will    .....                   (no boots)
Stlth   ..........              p - amulet of reflection
HPRegen 0.20/turn               g - ring of protection from cold
MPRegen 0.12/turn               m - +4 ring of protection

@: no status effects
A: sickness immunity, AC +7, negative energy resistance 1, electricity
resistance, torment resistance 1, petrification resistance
a: no special abilities


You were on level 8 of the Dungeon.
You visited 2 branches of the dungeon, and saw 9 of its levels.

You collected 435 gold pieces.
You spent 223 gold pieces at shops.


Innate Abilities, Weirdness & Mutations

You are immune to sickness and miasma.
Your stone body is resilient. (AC +7)
You are immune to poison.
You resist negative energy. (rN+)
You are resistant to electric shocks. (rElec)
You are resistant to unholy torment.
You are immune to petrification.


   Skills:
 + Level 6.8 Fighting
 - Level 9.1 Axes
 - Level 1.1 Throwing
 - Level 6.1 Armour
 - Level 2.0 Dodging
 - Level 8.0 Shields


You had 9 spell levels left.
You didn't know any spells.
Your spell library was empty.

Inventory:

Hand Weapons
 q - a +0 morningstar
 Y - a +1 war axe (weapon)
Missiles
 k - 14 boomerangs (quivered)
Armour
 a - +0 storm dragon scales (worn)
 h - a +0 kite shield (worn)
 t - a +1 helmet (worn)
Jewellery
 g - a ring of protection from cold (left hand)
 m - a +4 ring of protection (right hand)
 p - an amulet of reflection (around neck)
Scrolls
 b - 2 scrolls of teleportation
 i - a scroll of identify
Potions
 c - a potion of haste {unknown}
 d - 3 potions of might
 e - a potion of attraction
 f - 2 potions of curing
 l - 3 potions of lignification
 r - a potion of mutation {unknown}
 u - a potion of cancellation

Dungeon Overview and Level Annotations

Branches:
Dungeon (8/15)             Temple (1/1) D:6            Lair (0/5) D:8

Altars:
Ashenzari
Cheibriados
Dithmenos
Elyvilon
Fedhas
Hepliaklqana
Kikubaaqudgha
Makhleb
Qazlal
Ru
Sif Muna
Trog
Uskayaw
Vehumet
Wu Jian
Xom
Yredelemnul
Zin
The Shining One

Shops:
D:2 !   D:4 ?:*?(   D:7 *

Annotations:
D:4 1 runed translucent door, Crazy Yiuf
D:5 3 runed translucent doors, qw's ghost, novice GrBe
D:8 1 runed translucent door


Message History

You throw a boomerang.
The boomerang hits the death yak but does no damage.
The death yak is lightly wounded.
9440 ||| Stepping ~*~*~tactically~*~*~ (stealth).
The death yak attacks as you move away! You block the death yak's attack.
There is an open door here.
9441 ||| Stepping ~*~*~tactically~*~*~ (stealth).
9442 ||| Stepping ~*~*~tactically~*~*~ (stealth).
The death yak attacks as you move away! You block the death yak's attack.
You hit the death yak but do no damage. You block the death yak's attack.
You slash the death yak!
The death yak is lightly wounded.
You block the death yak's attack.
You slash the death yak!
The death yak is moderately wounded.
You block the death yak's attack.
You hit the death yak.
The death yak is moderately wounded.
You hit the death yak. The death yak gores you.
You block the death yak's attack.
You barely miss the death yak.
The death yak is moderately wounded.
You slash the death yak!
The death yak gores you but does no damage. x2
You block the death yak's attack. The death yak gores you!
You hit the death yak.
The death yak is heavily wounded.
You barely miss the death yak. You block the death yak's attack. x2
You barely miss the death yak.
The death yak is heavily wounded.
You hit the death yak. You barely miss the death yak. The death yak gores you!!
The death yak gores you. You block the death yak's attack.
You hit the death yak.
The death yak is heavily wounded.
You hit the death yak but do no damage. You barely miss the death yak.
You block the death yak's attack. The death yak gores you! x2
You die...

#...#........#......# #...#...
#...#####..###......######'##...
#.#######..#.....#'##...#....###
#.#........#.....#))....#....#..
#.#........#.....#......#....'..
#.#........#.....#....))#....#..
##.#..#######.....#...)..#....#..
...#..# #.....#......)....#..
...##### #...@.##'##'##....#..
'###...# #..YYY............#..
..'...## ####'#............#..
..##### #...#............#..
..##..# +.%%#........##+##..
.....># #....######+##...'..
......# #[...............#..
......# #...........##..##..
......# .....Y.... #..##..


You could see 3 death yaks.

Vanquished Creatures
  Joseph (D:7)
  A steam dragon (D:8)
  2 water moccasins (D:7)
  2 sky beasts (D:8)
  2 ice beasts
  A black bear (D:5)
  2 ogres (D:6)
  A centaur (D:5)
  2 phantoms
  A kobold brigand (D:7)
  6 bullfrogs
  A gnoll sergeant (D:7)
  2 scorpions
  9 wights
  A howler monkey (D:8)
  A jelly (D:7)
  2 orc priests
  A gnoll bouda (D:8)
  5 hounds
  2 hell rats (D:8)
  3 iguanas
  5 orc wizards
  Robin (D:4)
  10 gnolls
  9 adders
  A river rat (D:8)
  2 worms
  5 dart slugs
  40 orcs
  7 endoplasms
  3 giant cockroaches (D:4)
  22 goblins
  8 hobgoblins
  9 jackals
  14 kobolds
  8 quokkas
  7 ball pythons
  5 bats
  5 frilled lizards
  12 rats
221 creatures vanquished.

Vanquished Creatures (others)
  9 plants (D:3)
9 creatures vanquished.

Grand Total: 230 creatures vanquished

Notes
Turn   | Place    | Note
-------+----------+-------------------------------------------
     0 | D:1      | qw the Gargoyle Fighter began the quest for the Orb.
     0 | D:1      | Reached XP level 1. HP: 14/14 MP: 1/1
     0 | D:1      | 0 ||| qw: Version: 0.1-a-108-g9e35731
     0 | D:1      | 0 ||| qw: Game counter: 6318
     0 | D:1      | 0 ||| qw: Always use a shield: true
     0 | D:1      | 0 ||| qw: God list: Okawaru
     0 | D:1      | 0 ||| qw: Allow faded altars: false
     0 | D:1      | 0 ||| qw: Do Orc after D:15 true
     0 | D:1      | 0 ||| qw: Do second Lair branch before Depths: true
     0 | D:1      | 0 ||| qw: Lair rune preference: random
     0 | D:1      | 0 ||| qw: Plans: Normal, Zot, God:TSO, Crypt, Tomb, Zig,
                  | Orb
     0 | D:1      | 0 ||| PLANNING D:1-11
    30 | D:1      | HP: 3/14 [quokka (2)]
    34 | D:1      | Reached skill level 2 in Axes
   361 | D:1      | Reached XP level 2. HP: 13/19 MP: 2/2
   457 | D:1      | 457 ||| Stepping ~*~*~tactically~*~*~ (hiding).
   485 | D:1      | 485 ||| Stepping ~*~*~tactically~*~*~ (stealth).
   579 | D:1      | 579 ||| Stepping ~*~*~tactically~*~*~ (hiding).
   714 | D:1      | 714 ||| DROPPING +0 club.
   762 | D:1      | 762 ||| Stepping ~*~*~tactically~*~*~ (stealth).
   810 | D:1      | Reached skill level 3 in Axes
   854 | D:1      | Reached XP level 3. HP: 23/23 MP: 3/3
   913 | D:1      | 913 ||| DROPPING +0 mace.
   916 | D:1      | Found a faded altar of an unknown god.
  1477 | D:1      | 1477 ||| UPGRADING to ring of protection from cold.
  1478 | D:1      | 1478 ||| READING scroll labelled JEPNIY UBUENEL.
  1479 | D:1      | 1479 ||| READING scroll labelled CUWKERCH KOTORCH.
  1570 | D:2      | 1570 ||| Stepping ~*~*~tactically~*~*~ (stealth).
  1770 | D:2      | Reached XP level 4. HP: 25/28 MP: 4/4
  1867 | D:2      | 1867 ||| Stepping ~*~*~tactically~*~*~ (stealth).
  1902 | D:2      | Reached skill level 4 in Axes
  2059 | D:2      | Found Kuegij's Distillery.
  2065 | D:2      | 2065 ||| SHOPLISTING 2 potions of haste (260 gold, have
                  | 90).
  2065 | D:2      | 2065 ||| BUYING potion of curing (39 gold).
  2065 | D:2      | Bought a potion of curing for 39 gold pieces
  2065 | D:2      | 2065 ||| SHOPLISTING potion of haste (130 gold, have 51).
  2065 | D:2      | 2065 ||| SHOPLISTING potion of heal wounds (65 gold, have
                  | 51).
  2065 | D:2      | 2065 ||| BUYING potion of lignification (39 gold).
  2065 | D:2      | Bought a potion of lignification for 39 gold pieces
  2065 | D:2      | 2065 ||| SHOPLISTING potion of mutation (104 gold, have
                  | 12).
  2218 | D:2      | 2218 ||| READING scroll labelled ISOTWU BYNOA.
  2219 | D:2      | 2219 ||| READING scroll labelled YTTOKKEFRU.
  2255 | D:3      | 2255 ||| STAIRDANCE
  2281 | D:3      | 2281 ||| STAIRDANCE
  2322 | D:3      | Noticed a scorpion
  2323 | D:3      | 2323 ||| Stepping ~*~*~tactically~*~*~ (stealth).
  2324 | D:3      | 2324 ||| Stepping ~*~*~tactically~*~*~ (stealth).
  2350 | D:3      | Killed a scorpion
  2351 | D:3      | Reached skill level 5 in Axes
  2351 | D:3      | Reached XP level 5. HP: 27/32 MP: 5/5
  2446 | D:3      | 2446 ||| Stepping ~*~*~tactically~*~*~ (stealth).
  2447 | D:3      | 2447 ||| Stepping ~*~*~tactically~*~*~ (stealth).
  2451 | D:3      | 2451 ||| Stepping ~*~*~tactically~*~*~ (stealth).
  2569 | D:3      | 2569 ||| DROPPING +0 whip of venom.
  2614 | D:3      | 2614 ||| Stepping ~*~*~tactically~*~*~ (stealth).
  2725 | D:3      | Found an ancient bone altar of Kikubaaqudgha.
  2788 | D:3      | Reached XP level 6. HP: 33/38 MP: 6/6
  2835 | D:3      | 2835 ||| Stepping ~*~*~tactically~*~*~ (stealth).
  2852 | D:3      | 2852 ||| Stepping ~*~*~tactically~*~*~ (stealth).
  3290 | D:3      | 3290 ||| UPGRADING to +0 storm dragon scales.
  3301 | D:3      | 3301 ||| DROPPING +0 scale mail.
  3302 | D:3      | 3302 ||| UPGRADING to amulet of reflection.
  3310 | D:3      | 3310 ||| READING scroll labelled QUEVUSTR KISI.
  3436 | D:3      | Reached skill level 1 in Throwing
  3673 | D:4      | Noticed an ice beast
  3678 | D:4      | 3678 ||| STAIRDANCE
  3688 | D:3      | Killed an ice beast
  3689 | D:3      | Reached XP level 7. HP: 26/43 MP: 7/7
  3821 | D:4      | Found Qarudgh's Magic Scroll Emporium.
  3831 | D:4      | 3831 ||| BUYING scroll of identify (20 gold).
  3831 | D:4      | Bought a scroll of identify for 20 gold pieces
  3831 | D:4      | 3831 ||| BUYING scroll of identify (20 gold).
  3831 | D:4      | Bought a scroll of identify for 20 gold pieces
  3831 | D:4      | 3831 ||| BUYING scroll of teleportation (30 gold).
  3831 | D:4      | Bought a scroll of teleportation for 30 gold pieces
  3872 | D:4      | Found Rorokuh's Weapon Emporium.
  3881 | D:4      | 3881 ||| SHOPLISTING +4 mace "Moklol" {elec, Fragile rElec
                  | Int+4 SInv} (582 gold, have 27).
  3881 | D:4      | 3881 ||| SHOPLISTING +5 flail "Koaprit" {vorpal, Int+4}
                  | (547 gold, have 27).
  3899 | D:4      | Found Usull's General Store.
  3901 | D:4      | Found Qoiluod's Book Emporium.
  3909 | D:4      | 3909 ||| DRINKING potion of curing.
  3909 | D:4      | 3909 ||| (to cure confusion)
  3911 | D:4      | 3911 ||| Stepping ~*~*~tactically~*~*~ (hiding).
  3912 | D:4      | 3912 ||| Stepping ~*~*~tactically~*~*~ (hiding).
  3913 | D:4      | 3913 ||| Stepping ~*~*~tactically~*~*~ (hiding).
  3914 | D:4      | 3914 ||| Stepping ~*~*~tactically~*~*~ (hiding).
  3915 | D:4      | 3915 ||| Stepping ~*~*~tactically~*~*~ (hiding).
  3934 | D:4      | Reached skill level 6 in Axes
  3971 | D:4      | 3971 ||| Stepping ~*~*~tactically~*~*~ (stealth).
  4024 | D:4      | Noticed Robin
  4044 | D:4      | Killed Robin
  4181 | D:4      | Found Catha Ireme's Magic Scroll Boutique.
  4219 | D:4      | 4219 ||| SHOPLISTING +0 broad axe (52 gold, have 51).
  4219 | D:4      | 4219 ||| SHOPLISTING +1 cloak (149 gold, have 51).
  4219 | D:4      | 4219 ||| SHOPLISTING scroll of enchant armour (97 gold,
                  | have 51).
  4282 | D:4      | Found a runed translucent door.
  4283 | D:4      | Noticed Crazy Yiuf
  4365 | D:4      | Found a bloodstained altar of Trog.
  4459 | D:4      | 4459 ||| UPGRADING to +0 helmet.
  4464 | D:4      | 4464 ||| READING 2 scrolls labelled TEDEATWUILU.
  4465 | D:4      | 4465 ||| READING scroll labelled OTTETO FECOF.
  4466 | D:4      | 4466 ||| READING scroll labelled BATONO BUGOOT.
  4528 | D:4      | 4528 ||| READING 5 scrolls of identify.
  4528 | D:4      | 4528 ||| IDENTIFYING black potion
  4529 | D:4      | 4529 ||| READING 4 scrolls of identify.
  4529 | D:4      | 4529 ||| IDENTIFYING metallic pink potion
  4530 | D:4      | 4530 ||| READING 3 scrolls of identify.
  4530 | D:4      | 4530 ||| IDENTIFYING green potion
  4531 | D:4      | 4531 ||| READING 2 scrolls of identify.
  4531 | D:4      | 4531 ||| IDENTIFYING inky potion
  4532 | D:4      | 4532 ||| DROPPING potion of brilliance.
  4533 | D:4      | 4533 ||| DROPPING potion of flight.
  4534 | D:4      | 4534 ||| DROPPING scroll of amnesia.
  4591 | D:5      | Entered Level 5 of the Dungeon
  4863 | D:5      | 4863 ||| Stepping ~*~*~tactically~*~*~ (hiding).
  4995 | D:5      | Reached skill level 7 in Axes
  5159 | D:5      | Found a runed translucent gate.
  5159 | D:5      | Found a runed translucent gate.
  5160 | D:5      | Found a runed translucent gate.
  5162 | D:5      | Noticed qw's ghost (novice GrBe)
  5698 | D:4      | 5698 ||| BUYING scroll of enchant armour (75 gold).
  5698 | D:4      | Bought a scroll of enchant armour for 75 gold pieces
  5698 | D:4      | 5698 ||| SHOPLISTING scroll of identify (20 gold, have 15).
  5698 | D:4      | 5698 ||| READING scroll of enchant armour.
  5698 | D:4      | 5698 ||| ENCHANTING +0 helmet.
  5772 | D:6      | 5772 ||| Stepping ~*~*~tactically~*~*~ (stealth).
  5789 | D:6      | 5789 ||| Stepping ~*~*~tactically~*~*~ (stealth).
  5819 | D:6      | Reached XP level 8. HP: 17/49 MP: 8/8
  6540 | D:6      | Reached skill level 8 in Axes
  6585 | D:6      | 6585 ||| Stepping ~*~*~tactically~*~*~ (stealth).
  6586 | D:6      | 6586 ||| Stepping ~*~*~tactically~*~*~ (stealth).
  6587 | D:6      | 6587 ||| Stepping ~*~*~tactically~*~*~ (stealth).
  6756 | D:6      | 6756 ||| DRINKING potion of curing.
  6756 | D:6      | 6756 ||| (to cure confusion)
  6784 | D:6      | Found a staircase to the Ecumenical Temple.
  6785 | D:6      | 6785 ||| PLANNING TEMPLE
  6793 | Temple   | Entered the Ecumenical Temple
  6806 | Temple   | 6806 ||| PLANNING D:1-11
  6852 | D:6      | Reached skill level 6 in Fighting
  6967 | D:6      | 6967 ||| READING scroll labelled AVVENU BEWYSS.
  6987 | D:7      | Found a flagged portal.
  7061 | D:7      | 7061 ||| Stepping ~*~*~tactically~*~*~ (stealth).
  7069 | D:7      | 7069 ||| Stepping ~*~*~tactically~*~*~ (stealth).
  7071 | D:7      | 7071 ||| Stepping ~*~*~tactically~*~*~ (stealth).
  7180 | D:7      | 7180 ||| Stepping ~*~*~tactically~*~*~ (stealth).
  7194 | D:7      | Reached XP level 9. HP: 48/55 MP: 9/9
  7269 | D:7      | 7269 ||| DROPPING +0 flail.
  7285 | D:7      | Reached skill level 9 in Axes
  7526 | D:7      | Noticed a two-headed ogre
  7526 | D:7      | Noticed a hornet
  7577 | D:7      | Found Joudim's Gadget Gallery.
  7624 | D:7      | Noticed Joseph
  7625 | D:7      | 7625 ||| Stepping ~*~*~tactically~*~*~ (hiding).
  7644 | D:7      | Killed Joseph
  7645 | D:7      | Reached skill level 6 in Armour
  7842 | D:7      | Found an ornate altar of the Wu Jian Council.
  7942 | D:7      | 7942 ||| UPGRADING to +0 kite shield.
  7952 | D:7      | 7952 ||| DROPPING +0 buckler.
  7953 | D:7      | 7953 ||| UPGRADING to +4 ring of protection.
  7954 | D:7      | 7954 ||| READING scroll labelled SUWUNE MOCA.
  8055 | D:7      | 8055 ||| READING scroll labelled MUODERPHI MIOSO.
  8056 | D:7      | 8056 ||| READING scroll labelled USKYMO URAUWNAMOR.
  8057 | D:7      | 8057 ||| DRINKING 2 puce potions.
  8134 | D:6      | HP: 11/56 [orc/+2 short sword of speed (5)]
  8135 | D:6      | 8135 ||| READING 4 scrolls of teleportation.
  8136 | D:6      | 8136 ||| DRINKING 3 potions of heal wounds.
  8263 | D:8      | 8263 ||| STAIRDANCE
  8410 | D:8      | 8410 ||| Stepping ~*~*~tactically~*~*~ (stealth).
  8412 | D:8      | 8412 ||| Stepping ~*~*~tactically~*~*~ (hiding).
  8434 | D:8      | 8434 ||| Stepping ~*~*~tactically~*~*~ (stealth).
  8435 | D:8      | 8435 ||| Stepping ~*~*~tactically~*~*~ (stealth).
  8452 | D:8      | Reached skill level 6 in Shields
  8455 | D:8      | 8455 ||| FLEEEEING.
  8456 | D:8      | 8456 ||| FLEEEEING.
  8487 | D:8      | 8487 ||| Stepping ~*~*~tactically~*~*~ (stealth).
  8488 | D:8      | 8488 ||| Stepping ~*~*~tactically~*~*~ (stealth).
  8507 | D:8      | 8507 ||| Stepping ~*~*~tactically~*~*~ (hiding).
  8581 | D:8      | Noticed a death yak
  8581 | D:8      | Noticed a death yak
  8585 | D:8      | Noticed a death yak
  8592 | D:8      | HP: 12/56 [death yak (12)]
  8593 | D:8      | 8593 ||| READING 4 scrolls of teleportation.
  8594 | D:8      | 8594 ||| DRINKING 2 potions of heal wounds.
  8595 | D:8      | Found a basalt altar of Yredelemnul.
  8868 | D:8      | Reached XP level 10. HP: 56/61 MP: 10/10
  9029 | D:8      | Found a runed translucent door.
  9075 | D:8      | 9075 ||| Stepping ~*~*~tactically~*~*~ (stealth).
  9077 | D:8      | Found a staircase to the Lair.
  9090 | D:8      | HP: 12/61 [death yak (12)]
  9091 | D:8      | 9091 ||| READING 3 scrolls of teleportation.
  9091 | D:8      | HP: 3/61 [death yak (6)]
  9092 | D:8      | 9092 ||| DRINKING potion of heal wounds.
  9384 | D:8      | 9384 ||| Stepping ~*~*~tactically~*~*~ (stealth).
  9385 | D:8      | 9385 ||| Stepping ~*~*~tactically~*~*~ (stealth).
  9440 | D:8      | 9440 ||| Stepping ~*~*~tactically~*~*~ (stealth).
  9441 | D:8      | 9441 ||| Stepping ~*~*~tactically~*~*~ (stealth).
  9442 | D:8      | 9442 ||| Stepping ~*~*~tactically~*~*~ (stealth).
  9450 | D:8      | HP: 12/61 [death yak (9)]
  9450 | D:8      | Slain by a death yak

Levels and vault maps discovered:
D:1:      onia_arrival_handbag, layout_basic,
          hellmonk_ecumenical_altar_prayer_group
D:2:      layout_loops_cross, serial_shops, shop_fountains, minmay_tripent
D:3:      minmay_diamond_boxcup, layout_loops_ring,
          nicolae_kikubaaqudgha_miasma_corner, serial_bayou_lagoon_a,
          nicolae_concentric_dashed_squares_mild, st_stairs_11,
          kennysheep_path_1, grunt_ministairs_4
D:4:      layout_rooms, trog_hazing_becter, serial_shops,
          nicolae_take_the_stairs, nicolae_shop_waterfront,
          nicolae_shop_statue_plus, shop, nicolae_stop_n_shop_1, uniq_robin,
          uniq_crazy_yiuf_cottage
D:5:      layout_loops_ring, ebering_ghost_rock_garden
D:6:      layout_gridville, minmay_temple_entry_mist, skrybe_limestone_x,
          st_stairs_7, nzn_random_ring
D:7:      layout_rooms, nicolae_wu_jian_immortal_techniques, enter_bailey_5,
          nicolae_shop_gadgets, uniq_joseph
D:8:      layout_gridville, marbit_many_paths, dpeg_lair_monsters,
          lightli_church_of_beogh
Temple:   hellmonk_temple_two_chambers

Skill      XL: |  1  2  3  4  5  6  7  8  9 10 |
---------------+-------------------------------+-----
Axes           | 2 3 5 7 8 9 |  9.1
Fighting       | 4 5 6 |  6.8
Dodging        | 2 |  2.0
Throwing       | 1 |  1.1
Armour         | 4 6 |  6.1
Shields        | 7 8 |  8.0

Action                   |  1- 3 |  4- 6 |  7- 9 | 10-12 || total
-------------------------+-------+-------+-------+-------++-------
Melee: War axe           |   136 |   160 |   393 |    36 ||   725
Throw: Boomerang         |       |    15 |    74 |     5 ||    94
  Use: Scroll            |     2 |     3 |    14 |     1 ||    20
       Potion            |       |       |     5 |     1 ||     6
Armor: Scale mail        |    73 |    79 |       |       ||   152
       Storm dragon scal |       |     7 |   247 |    29 ||   283
       Skin              |       |     2 |       |       ||     2
Dodge: Dodged            |    72 |    57 |   132 |    15 ||   276
Block: Buckler           |    30 |    33 |   167 |       ||   230
       Reflection        |       |       |     6 |       ||     6
       Kite shield       |       |       |    46 |    43 ||    89

Table legend:
 A = Non-vault XP
 B = Vault XP
 C = Vault XP percentage of total XP
 D = Non-vault monster count
 E = Vault monster count
 F = Vault count percentage of total count
                 A         B        C        D         E       F
            +---------+---------+-------+---------+---------+-------
      Total |    3977 |    1107 |  21.8 |     164 |      57 |  25.8
            +---------+---------+-------+---------+---------+-------
        D:1 |      47 |       7 |  13.0 |      25 |       6 |  19.4
        D:2 |      90 |       3 |   3.2 |      17 |       2 |  10.5
        D:3 |     349 |     185 |  34.6 |      29 |      19 |  39.6
        D:4 |      70 |      43 |  38.1 |      14 |      17 |  54.8
        D:5 |     332 |       0 |   0.0 |       9 |       0 |   0.0
        D:6 |     850 |     194 |  18.6 |      20 |       3 |  13.0
        D:7 |    1080 |     461 |  29.9 |      30 |       5 |  14.3
        D:8 |    1159 |     214 |  15.6 |      20 |       5 |  20.0
            +---------+---------+-------+---------+---------+-------
